 Dungeon Crawl Stone Soup version 0.20.1-1-g8b1a95d (webtiles) character file.

2382 Gremour the Chopper (level 9, -5/66 HPs)
             Began as a Merfolk Skald on Sept 8, 2017.
             Was a Follower of Okawaru.
             Slain by a two-headed ogre
             ... wielding a +0 giant club
              (15 damage)
             ... on level 8 of the Dungeon on Sept 9, 2017.
             The game lasted 01:10:29 (8165 turns).

Gremour the Chopper (Merfolk Skald)                 Turns: 8165, Time: 01:10:30

Health: -5/66      AC: 10    Str: 15    XL:     9   Next: 45%
Magic:  1/14       EV: 13    Int: 17    God:    Okawaru [*.....]
Gold:   131        SH:  3    Dex: 13    Spells: 9/15 levels left

rFire    . . .     SeeInvis .   a - +8 falchion of Contradiction {pain, rF- Int+3}
rCold    . . .     Gourm    .   y - +0 buckler {rN+}
rNeg     + . .     Faith    .   n - +0 ring mail
rPois    +         Spirit   .   l - +0 helmet
rElec    .         Reflect  .   u - +0 cloak
rCorr    .         Harm     .   (no gloves)
MR       .....                  k - +1 pair of boots
Stlth    +.........             (no amulet)
Regen    0.3/turn               w - ring of poison resistance
MPRegen  0.2/turn               p - ring of protection from fire

@: infused, very slightly contaminated
A: change form in water, swift swim, stealthy swim, clever 1, mutation
resistance 1
a: Heroism, Renounce Religion


You were on level 8 of the Dungeon.
You worshipped Okawaru.
Okawaru was aware of your devotion.
You were hungry.

You visited 2 branches of the dungeon, and saw 9 of its levels.

You collected 485 gold pieces.
You spent 354 gold pieces at shops.

Inventory:

Hand Weapons
 a - the +8 falchion of Contradiction (weapon) {pain, rF- Int+3}
   (You found it on level 7 of the Dungeon)

   In the hands of one skilled in necromantic magic, it inflicts extra damage on
   living creatures.
   It affects your intelligence (+3).
   It makes you vulnerable to fire.
 b - a +2 vampiric war axe
 h - a +0 dagger of venom
 t - a +3 quarterstaff of chaos
 x - a +0 falchion
 E - a +2 hand axe of chopping
Missiles
 i - 77 arrows
Armour
 g - a +0 ring mail
 k - a +1 pair of boots (worn)
 l - a +0 helmet (worn)
 n - a +0 ring mail (worn)
 u - a +0 cloak (worn)
 y - a +0 buckler of positive energy (worn)
Jewellery
 p - a ring of protection from fire (right hand)
 w - a ring of poison resistance (left hand)
 z - an uncursed ring of ice
 C - an uncursed ring of protection from magic
Wands
 D - a wand of flame (15/48)
 H - a wand of acid (10/15)
Scrolls
 j - 5 scrolls of remove curse
 m - 2 scrolls of teleportation
 o - 5 scrolls of identify
 r - 2 scrolls of fear
Potions
 e - 2 potions of ambrosia
 f - 4 potions of curing
 s - a potion of lignification {unknown}
 A - 3 potions of heal wounds
 B - a potion of brilliance
 G - a potion of might
Books
 c - a book of Battle

   Spells                             Type                      Level
   a - Infusion                       Charms                       1
   b - Shroud of Golubria             Charms/Translocation         2
   c - Song of Slaying                Charms                       2
   d - Spectral Weapon                Hexes/Charms                 3
   e - Regeneration                   Charms/Necromancy            3
Comestibles
 d - 5 bread rations
 q - 2 meat rations
 I - 2 royal jellies


   Skills:
 * Level 4.3 Fighting
 - Level 3.5(4.6) Short Blades
 + Level 4.1(4.7) Long Blades
 * Level 5.8 Axes
 + Level 3.1 Armour
 + Level 5.6 Dodging
 + Level 1.6 Stealth
 + Level 0.8 Shields
 + Level 3.5 Spellcasting
 + Level 5.2 Charms
 * Level 1.6 Necromancy
 + Level 0.4 Translocations


You had 9 spell levels left.
You knew the following spells:

 Your Spells              Type           Power        Failure   Level  Hunger
a - Infusion              Chrm           ###.         5%          1    None
r - Regeneration          Chrm/Necr      ##........   34%         3    ###....
s - Shroud of Golubria    Chrm/Tloc      ##........   22%         2    ##.....


Dungeon Overview and Level Annotations

Branches:
Dungeon (8/15)             Temple (1/1) D:6
   Lair: D:8-11

Altars:
Ashenzari
Cheibriados
Dithmenos
Elyvilon
Fedhas
Gozag
Hepliaklqana
Kikubaaqudgha
Makhleb
Nemelex Xobeh
Okawaru
Qazlal
Ru
Sif Muna
Trog
Uskayaw
Vehumet
Xom
Yredelemnul
Zin
The Shining One

Shops:
D:4 %=}*(   D:5 %   D:6 !   D:8 [

Annotations:
D:3 1 exclusion
D:6 2 transporters


Innate Abilities, Weirdness & Mutations

You revert to your normal form in water.
You are very nimble and swift while swimming.
You are very stealthy in the water. (Stealth+)
Your mind is acute. (Int +2)
You are somewhat resistant to further mutation.


Message History

Confirm with . or Enter, or press ? or * to list all spells.
You begin infusing your attacks with magical energy.
The orc misses you.
You riposte.
You slash the orc!
You kill the orc!
Okawaru accepts your kill.
You barely miss the orc. The orc completely misses you.
The two-headed ogre hits you with a giant club!
The two-headed ogre barely misses you.
Found a stone staircase leading down.
You slash the gnoll!
The gnoll writhes in agony.
The gnoll is severely wounded.
The gnoll hits you with a flail.
You barely miss the gnoll.
The gnoll is severely wounded.
You hit the two-headed ogre.
The two-headed ogre writhes in agony.
The two-headed ogre is lightly wounded.
The two-headed ogre hits you with a giant club!
* * * LOW HITPOINT WARNING * * *
The two-headed ogre hits you with a giant spiked club!
You die...

.. #.. >###.. ### ..... ..
#...## .# #...###.# ...∩...
#..c##..# ## ...g... #.gogO@# .
...hh.. #.hS###### .# .......
##..$....# ####.# .......##
##g####.#######....#.. ........#
#c## #...............
......hc####S.#######......###.#
....$hhogg###..# #%)[..#.###<..#
..$.....#.go.#.###).####.....###
........####o#.....## #######


You could see a two-headed ogre, a centaur, a howler monkey, 2 gnolls, an orc
and a ball python.

Vanquished Creatures
  A hornet (D:5)
  The ghost of Rhok the Chopper, an amateur BaFi (D:4)
  Sigmund (D:5)
  The ghost of Rhok the Chopper, an amateur MiGl (D:3)
  A black bear (D:6)
  2 orc warriors
  2 ogres (D:6)
  2 bullfrogs
  A wyvern skeleton (D:7)
  A scorpion (D:6)
  2 crimson imps
  A bullfrog zombie (D:7)
  A quasit (D:5)
  4 hounds
  3 orc priests
  Crazy Yiuf (D:7)
  2 iguanas
  7 orc wizards
  5 worker ants
  2 hound skeletons
  9 adders
  2 shadow imps
  2 oozes
  An adder skeleton (D:5)
  5 worms
  2 dart slugs
  3 leopard geckos
  39 orcs
  2 ball pythons
  4 giant cockroaches
  7 goblins
  12 hobgoblins
  8 jackals
  2 quokkas
  7 bats
  7 frilled lizards
  4 kobolds
  A leopard gecko skeleton (D:7)
  5 rats
163 creatures vanquished.

Vanquished Creatures (others)
  A plant (D:2)
1 creature vanquished.

Grand Total: 164 creatures vanquished

Notes
Turn   | Place    | Note
-------+----------+-------------------------------------------
     0 | D:1      | Gremour the Merfolk Skald began the quest for the Orb.
     0 | D:1      | Reached XP level 1. HP: 16/16 MP: 3/3
   134 | D:1      | Reached XP level 2. HP: 13/22 MP: 1/5
  1100 | D:2      | Reached XP level 3. HP: 26/27 MP: 6/6
  2125 | D:2      | Reached XP level 4. HP: 34/34 MP: 7/7
  2266 | D:3      | Reached skill level 1 in Armour
  2342 | D:3      | Gained mutation: Your mind is acute. (Int +2) [potion of mutation]
  2342 | D:3      | Gained mutation: Your flesh is heat resistant. (rF+) [potion of mutation]
  2342 | D:3      | Gained mutation: Your flesh is cold resistant. (rC+) [potion of mutation]
  2873 | D:3      | Reached XP level 5. HP: 24/39 MP: 1/8
  3246 | D:3      | Noticed Rhok's ghost (amateur MiGl)
  3461 | D:3      | Killed Rhok's ghost
  3461 | D:3      | Reached skill level 1 in Axes
  3461 | D:3      | Reached skill level 1 in Stealth
  3461 | D:3      | Reached XP level 6. HP: 45/46 MP: 9/9
  3518 | D:4      | Found Neemm's Gadget Emporium.
  3528 | D:4      | Noticed Rhok's ghost (amateur BaFi)
  3562 | D:4      | Killed Rhok's ghost
  3562 | D:4      | Reached XP level 7. HP: 10/51 MP: 1/11
  3827 | D:4      | Found Teoforaiwk's Jewellery Emporium.
  4037 | D:4      | Found Ygapuwn's Assorted Antiques.
  4051 | D:4      | Found Gofahaebirr's Antique Weapon Emporium.
  4127 | D:4      | Bought a notched gilded ring for 100 gold pieces
  4423 | D:4      | Found Evyfercha's Food Boutique.
  4701 | D:4      | Bought a shiny buckler for 150 gold pieces
  4731 | D:5      | Entered Level 5 of the Dungeon
  4787 | D:5      | Reached skill level 1 in Short Blades
  4971 | D:5      | Noticed Sigmund
  4984 | D:5      | Killed Sigmund
  4984 | D:5      | Reached XP level 8. HP: 58/58 MP: 5/12
  5106 | D:5      | Noticed a hornet
  5119 | D:5      | Killed a hornet
  5429 | D:5      | Reached skill level 5 in Dodging
  5583 | D:5      | Reached skill level 5 in Charms
  5605 | D:5      | Learned a level 3 spell: Regeneration
  5672 | D:5      | Found Kuliryor's Food Shoppe.
  5721 | D:6      | Found a transporter.
  5749 | D:6      | Noticed a kobold demonologist
  5753 | D:6      | Found a transporter.
  5761 | D:6      | Found a radiant altar of Vehumet.
  6060 | D:6      | Found Vusif's Distillery.
  6064 | D:6      | Bought a potion of mutation for 104 gold pieces
  6065 | D:6      | Lost mutation: Your flesh is heat resistant. (rF+) [potion of mutation]
  6065 | D:6      | Lost mutation: Your flesh is cold resistant. (rC+) [potion of mutation]
  6065 | D:6      | Gained mutation: You are somewhat resistant to further mutation. [potion of mutation]
  6120 | D:6      | Found a staircase to the Ecumenical Temple.
  6187 | Temple   | Entered the Ecumenical Temple
  6256 | Temple   | Became a worshipper of Warmaster Okawaru
  6502 | D:6      | Reached XP level 9. HP: 43/65 MP: 3/13
  6961 | D:7      | Learned a level 1 spell: Infusion
  7016 | D:7      | Learned a level 2 spell: Shroud of Golubria
  7148 | D:7      | Reached skill level 5 in Axes
  7495 | D:7      | Reached skill level 1 in Necromancy
  7857 | D:7      | Got a steaming falchion
  7858 | D:7      | Identified the +8 falchion of Contradiction {pain, rF- Int+3} (You found it on level 7 of the Dungeon)
  8011 | D:7      | Found a runed door.
  8015 | D:7      | Noticed Crazy Yiuf
  8019 | D:7      | Killed Crazy Yiuf
  8112 | D:8      | Found Vemnol's Antique Armour Shoppe.
  8131 | D:8      | Reached * piety under Okawaru
  8153 | D:8      | Noticed a two-headed ogre
  8165 | D:8      | Slain by a two-headed ogre

Skill      XL: |  1  2  3  4  5  6  7  8  9 |
---------------+----------------------------+-----
Long Blades    | 3 4 |  4.1
Dodging        | 3 4 5 |  5.6
Armour         | 1 2 3 |  3.1
Axes           | 1 3 4 5 |  5.8
Stealth        | 1 |  1.6
Charms         | 4 5 |  5.2
Fighting       | 3 4 |  4.3
Short Blades   | 2 3 |  3.5
Spellcasting   | 3 |  3.5
Necromancy     | 1 |  1.6
Shields        | |  0.8
Translocations | |  0.4

Action                   |  1- 3 |  4- 6 |  7- 9 || total
-------------------------+-------+-------+-------++-------
Melee: Falchion          |   154 |    88 |    33 ||   275
       Tailslap          |     9 |       |       ||     9
       Hand axe          |       |    85 |    51 ||   136
       Dagger            |       |       |   106 ||   106
       War axe           |       |       |   196 ||   196
 Cast: Infusion          |     9 |    13 |    41 ||    63
       Regeneration      |       |       |     2 ||     2
       Shroud of Golubri |       |       |     3 ||     3
Evoke: Wand              |       |       |     4 ||     4
  Use: Potion            |       |    11 |     4 ||    15
       Scroll            |       |       |    11 ||    11
  Eat: Chunk             |     3 |     5 |    12 ||    20
       Bread ration      |       |     1 |       ||     1
       Meat ration       |       |       |     1 ||     1
Armor: Leather armour    |     1 |       |       ||     1
       Ring mail         |    20 |    60 |   146 ||   226
Dodge: Dodged            |    72 |   108 |   219 ||   399
Block: Buckler           |       |       |    49 ||    49
       Rpst.: Falchion   |    31 |    24 |     4 ||    59
